 Seeded DCSS version 0.29-a0-819-g94b489e0ae (webtiles) character file.

Game seed: 20220705 (custom seed)

14150 flotson the Covert (level 11, -12/86 HPs)
             Began as a Demonspawn Delver on July 6, 2022.
             Was an Initiate of Gozag.
             Mangled by a swamp worm (17 damage)
             ... on level 2 of the Lair of Beasts.
             The game lasted 00:29:33 (17311 turns).

flotson the Covert (Demonspawn Delver)             Turns: 17311, Time: 00:29:33

Health: -12/86     AC: 12    Str: 18    XL:     11   Next: 84%
Magic:  11/11      EV: 16    Int: 11    God:    Gozag
Gold:   2266       SH:  0    Dex: 14    Spells: 10/10 levels left

rFire   . . .      SeeInvis .   v - +1 whip (elec)
rCold   . . .      Faith    .   q - orb {*Rage}
rNeg    . . .      Spirit   .   j - +0 scale mail
rPois   +          Reflect  .   (helmet restricted)
rElec   .          Harm     .   F - +0 cloak {rPois}
rCorr   .          Rampage  .   E - +1 pair of gloves
Will    .....      Rage     20% (no boots)
Stlth   ++........              (no amulet)
HPRegen 0.24/turn               m - +4 ring of slaying
MPRegen 0.12/turn               P - +4 ring of evasion

@: very slow
A: antennae 2, foul stench 2, sharp scales 1
a: Renounce Religion, Potion Petition, Call Merchant, Bribe Branch


You were on level 2 of the Lair of Beasts.
You worshipped Gozag.
Gozag was most pleased with you.
You visited 3 branches of the dungeon, and saw 13 of its levels.

You collected 2387 gold pieces.
You spent 45 gold pieces at shops.
You paid 76 gold pieces to Gozag.

Inventory:

Hand Weapons
 a - a +1 flail of protection
 b - a +0 broad axe
 v - a +1 whip of electrocution (weapon)
 J - a +3 flail of freezing
Missiles
 h - 25 poisoned darts
 k - 4 throwing nets
 y - 3 silver boomerangs
 z - 3 boomerangs
 R - 4 javelins (quivered)
Armour
 d - the +1 robe of the Battered Songs {rC+ rCorr Str+2 Stlth-}
   (You found it on level 5 of the Dungeon)

   Str:       It affects your strength (+2).
   rC:        It protects you from cold.
   rCorr:     It protects you from acid and corrosion.
   Stlth:     It makes you less stealthy.
 j - a +0 scale mail (worn)
 q - an orb of wrath (worn)
 E - a +1 pair of gloves (worn)
 F - a +0 cloak of poison resistance (worn)
Jewellery
 m - a +4 ring of slaying (left hand)
 O - a ring of flight
 P - a +4 ring of evasion (right hand)
 S - a ring of willpower
 U - an amulet of reflection
Wands
 f - a wand of charming (14)
 g - a wand of digging (7)
 i - a wand of polymorph (7)
 r - a wand of mindburst (2)
 G - a wand of light (11)
Scrolls
 c - 3 scrolls of fog
 e - 6 scrolls of teleportation
 l - 2 scrolls of noise {unknown}
 o - 3 scrolls of immolation
 t - 5 scrolls of vulnerability {unknown}
 u - 2 scrolls of blinking {unknown}
 x - a scroll of enchant weapon {unknown}
 H - 6 scrolls of magic mapping
 I - a scroll of torment {unknown}
 K - a scroll of poison {unknown}
 L - a scroll of amnesia {unknown}
 V - a scroll of fear
Potions
 n - 3 potions of mutation
 p - 2 potions of lignification
 s - 5 potions of heal wounds
 w - 3 potions of attraction
 A - a potion of degeneration {unknown}
 B - a potion of brilliance {unknown}
 C - 5 potions of might
 D - 2 potions of ambrosia
 M - a potion of curing {unknown}
 N - 2 potions of resistance
 T - a potion of haste
Miscellaneous
 Q - a lightning rod (4/4)


   Skills:
 + Level 8.0 Fighting
 + Level 6.5(6.7) Axes
 - Level 2.0(4.6) Polearms
 + Level 6.5 Throwing
 + Level 6.5 Armour
 + Level 7.0 Dodging
 + Level 8.7 Stealth
 + Level 7.2 Evocations


You had 10 spell levels left.
You didn't know any spells.
Your spell library contained the following spells:

 Spells                   Type           Power      Damage    Failure   Level
 Apportation              Tloc           0%         N/A       69%         1
 Necrotise                Necr           0%         1d4       69%         1
 Summon Small Mammal      Summ           0%         N/A       69%         1
 Summon Ice Beast         Ice/Summ       0%         N/A       100%        4
 Fireball                 Conj/Fire      0%         3d3       100%        5
 Iskenderun's Battlesphe  Conj           0%         2d6       100%        5
 Summon Forest            Summ/Tloc      0%         N/A       100%        5
 Summon Mana Viper        Hex/Summ       0%         N/A       100%        5
 Conjure Ball Lightning   Conj/Air       0%         3x3d6     100%        6
 Eringya's Noxious Bog    Tmut/Pois      0%         N/A       100%        6
 Monstrous Menagerie      Summ           0%         N/A       100%        7
 Orb of Destruction       Conj           0%         9d5       100%        7
 Summon Hydra             Summ           0%         N/A       100%        7


Dungeon Overview and Level Annotations

Branches:
Dungeon (10/15)            Temple (1/1) D:4            Lair (2/6) D:8
    Orc (0/2) D:9
  Swamp: Lair:2-4    Shoals: Lair:2-4     Snake: Lair:2-4    Spider: Lair:2-4

Altars:
Ashenzari
Cheibriados
Fedhas
Gozag
Hepliaklqana
Kikubaaqudgha
Makhleb
Nemelex Xobeh
Okawaru
Qazlal
Ru
Sif Muna
Uskayaw
Vehumet
Wu Jian
Xom
Yredelemnul

Shops:
D:3 [   D:5 *

Annotations:
D:9 3 runed translucent doors, exclusion: ice statue, dang3rdave's ghost, novice GrTm
D:10 exclusion: oklob plant


Innate Abilities, Weirdness & Mutations

You have a pair of antennae on your head.
You sometimes emit foul miasma when damaged in melee.
You are partially covered in razor-sharp scales. (AC +1, Slay +1)


Message History

Moving in this stuff is going to be slow.
Found a book of Flames.
A swamp worm comes into view.
The swamp worm fires a harpoon shot at you.
The harpoon shot misses you.
The swamp worm fires a harpoon shot at you.
The harpoon shot hits you but does no damage.
The swamp worm fires a harpoon shot at you.
The harpoon shot hits you!
You are yanked forward by the harpoon shot.
Splash!
You fall into the shallow water.
Moving in this stuff is going to be slow.
The swamp worm fires a harpoon shot at you.
The harpoon shot hits you!
You are yanked forward by the harpoon shot.
Splash!
The swamp worm bites you!
You emit a cloud of foul miasma!
The swamp worm is engulfed in dark miasma.
The swamp worm is poisoned.
The swamp worm seems to slow down.
The swamp worm fires a harpoon shot at you.
The harpoon shot hits you!
You are yanked forward by the harpoon shot.
Splash!
The swamp worm is engulfed in dark miasma.
The swamp worm looks even sicker.
The swamp worm bites you!
The swamp worm attacks as you move away!
The swamp worm bites you!
* * * LOW HITPOINT WARNING * * *
The swamp worm is engulfed in dark miasma.
The swamp worm looks even sicker.
The swamp worm fires a harpoon shot at you.
The harpoon shot hits you!
* * * LOW HITPOINT WARNING * * *
You are yanked forward by the harpoon shot.
Splash!
The swamp worm attacks as you move away!
The swamp worm bites you!
You die...
Your body crumbles into a pile of gold.

###.# #..............# #...#
##.............# ###P..###
#...........### ........#
#.#...#####P# ........## ##...P#
## .........# ##..###
.........###....#######
..........P≈≈≈≈≈......#
.#........≈≈≈≈≈w@.....#
....#.....≈≈P○≈≈≈.....#
...#...#≈≈≈##≈##≈≈....####
........≈≈≈#≈≈≈#≈≈≈...##.# ### #
........≈≈##≈≈≈##≈≈......####P###
.≈......≈≈#|≈≈≈≈#)≈.##P........##
.≈≈.....≈≈##≈≈≈##≈≈###.PP.......#
≈≈≈≈..#.≈≈≈#≈:≈#≈≈≈####......+#'#
≈≈≈≈..#P.≈≈## ##≈≈#≈##....#......


You could see a swamp worm (very poisoned, slow).

Vanquished Creatures
  A hydra (Lair:1)
  A two-headed ogre (D:10)
  Pikel (D:4)
  2 komodo dragons
  A polar bear (Lair:1)
  A hornet (D:8)
  Sigmund (D:4)
  A vampire (D:10)
  A wraith (D:10)
  A basilisk (Lair:2)
  34 yaks
  A wyvern (D:8)
  A steam dragon (D:9)
  A swamp worm (Lair:2)
  An acid dragon (D:9)
  8 water moccasins
  An orc warrior (D:8)
  4 ice beasts
  2 sky beasts
  2 black bears
  An ogre (D:6)
  2 centaurs
  3 wolves (Lair:2)
  2 phantoms
  Blork the orc (D:5)
  A kobold brigand (D:8)
  3 necrophages
  10 bullfrogs
  A gnoll sergeant (D:9)
  16 wights
  10 killer bees
  4 electric eels
  3 howler monkeys
  2 jellies
  5 hounds
  Crazy Yiuf (D:3)
  5 orc priests
  Ijyb (D:4)
  Natasha (thrice) (D:2)
  4 iguanas
  4 orc wizards
  6 gnolls
  3 adders
  2 white imps (D:5)
  An ufetubus (D:6)
  A worm (D:2)
  2 dart slugs (D:4)
  19 orcs
  7 bats
  6 endoplasms
  6 giant cockroaches
  9 goblins
  9 hobgoblins
  3 jackals
  15 kobolds
  3 quokkas (D:1)
  9 ball pythons
  A frilled lizard (D:3)
  8 rats
258 creatures vanquished.

Vanquished Creatures (others)
  2 jackals (D:5)
  A fungus (Lair:2)
  5 plants
8 creatures vanquished.

Grand Total: 266 creatures vanquished

Notes
Turn   | Place    | Note
-------+----------+-------------------------------------------
     0 | D:5      | flotson the Demonspawn Delver began the quest for the Orb.
     0 | D:5      | Reached XP level 1. HP: 18/18 MP: 1/1
     7 | D:5      | Identified the +1 robe of the Battered Songs {rC+ rCorr
                  | Str+2 Stlth-}
     7 | D:5      | Noticed a water moccasin
    61 | D:5      | Gained mutation: You have a pair of small antennae on your
                  | head. [demonic ancestry]
    61 | D:5      | Reached XP level 2. HP: 1/24 MP: 2/2
   385 | D:5      | Found Nuqeteer's General Store.
   395 | D:5      | Noticed a necrophage
   438 | D:3      | Found Seid's Armour Shoppe.
   447 | D:3      | HP: 1/24 [necrophage (3)]
   451 | D:3      | You fall into a shaft and drop 3 floors!
   918 | D:4      | Noticed Ijyb
   920 | D:4      | Found a staircase to the Ecumenical Temple.
   928 | Temple   | Entered the Ecumenical Temple
  1032 | D:4      | Killed Ijyb
  1033 | D:4      | Gained mutation: You are partially covered in razor-sharp
                  | scales. (AC +1, Slay +1) [demonic ancestry]
  1033 | D:4      | Reached XP level 3. HP: 28/29 MP: 3/3
  1092 | D:3      | Killed a necrophage
  1093 | D:3      | Reached skill level 1 in Throwing
  1093 | D:3      | Reached skill level 1 in Armour
  1093 | D:3      | Reached skill level 1 in Evocations
  1093 | D:3      | Gained mutation: You have a pair of antennae on your head.
                  | [demonic ancestry]
  1093 | D:3      | Reached XP level 4. HP: 17/35 MP: 4/4
  1093 | D:3      | Noticed a phantom
  1307 | D:1      | Found a faded altar of an unknown god.
  1310 | D:1      | Reached skill level 1 in Axes
  2313 | D:3      | Killed a phantom
  2314 | D:3      | Reached skill level 5 in Stealth
  2314 | D:3      | Reached XP level 5. HP: 42/42 MP: 5/5
  2572 | D:2      | Noticed Natasha
  2579 | D:2      | Killed Natasha
  2711 | D:2      | Noticed Natasha
  2723 | D:2      | Killed Natasha
  2724 | D:2      | Reached XP level 6. HP: 48/48 MP: 6/6
  2872 | D:2      | You fall into a shaft and drop 2 floors!
  2902 | Temple   | Became a worshipper of Gozag Ym Sagoz the Greedy
  3023 | D:2      | Noticed Natasha
  3027 | D:2      | Killed Natasha
  3116 | D:2      | Found a runed translucent door.
  3117 | D:2      | Noticed Crazy Yiuf
  3630 | D:3      | Bought a +0 pair of gloves for 45 gold pieces
  4336 | D:4      | Noticed Pikel
  4934 | D:3      | Found Seid's Armour Shoppe.
  5009 | D:3      | Killed Crazy Yiuf
  5633 | D:4      | Found an iron altar of Okawaru.
  5633 | D:4      | Found a hazy altar of Hepliaklqana.
  5656 | D:4      | Noticed Sigmund
  5665 | D:4      | Killed Sigmund
  5666 | D:4      | Gained mutation: You may rarely emit foul miasma when
                  | damaged in melee. [demonic ancestry]
  5666 | D:4      | Reached XP level 7. HP: 54/54 MP: 7/7
  5857 | D:4      | Killed Pikel
  5858 | D:4      | Gained mutation: You sometimes emit foul miasma when
                  | damaged in melee. [demonic ancestry]
  5858 | D:4      | Reached XP level 8. HP: 60/61 MP: 8/8
  6738 | D:5      | Noticed Blork the orc
  6885 | D:5      | Killed Blork the orc
  7139 | D:5      | Found a burning altar of Makhleb.
  7271 | D:5      | Reached skill level 5 in Fighting
  7896 | D:5      | Reached XP level 9. HP: 42/68 MP: 9/9
  9132 | D:6      | Reached skill level 5 in Dodging
  9278 | D:7      | Found a shimmering altar of Xom.
  9279 | D:7      | Found a shimmering altar of Xom.
  9279 | D:7      | Found a shimmering altar of Xom.
  9279 | D:7      | Found a shimmering altar of Xom.
  9281 | D:7      | Found a shimmering altar of Xom.
  9377 | D:7      | Reached skill level 5 in Evocations
  9651 | D:7      | Reached XP level 10. HP: 76/76 MP: 10/10
 10136 | D:8      | Found a basalt altar of Yredelemnul.
 10144 | D:8      | Found a broken altar of Ashenzari.
 10166 | D:8      | Found a staircase to the Lair.
 10405 | D:8      | Found an ornate altar of the Wu Jian Council.
 10459 | D:8      | Reached skill level 5 in Throwing
 10523 | D:8      | Reached skill level 5 in Armour
 10716 | D:8      | Reached skill level 5 in Axes
 10935 | D:8      | Found an ancient bone altar of Kikubaaqudgha.
 11351 | D:9      | Noticed an ice statue
 11626 | D:9      | Found a runed translucent gate.
 11626 | D:9      | Found a runed translucent gate.
 11641 | D:9      | Found a runed translucent gate.
 12093 | D:9      | Noticed dang3rdave's ghost (novice GrTm)
 12131 | D:9      | Found a staircase to the Orcish Mines.
 13009 | D:10     | Entered Level 10 of the Dungeon
 13135 | D:10     | Reached XP level 11. HP: 72/72 MP: 11/11
 13146 | D:10     | Noticed a two-headed ogre
 13622 | D:10     | Killed a two-headed ogre
 13937 | D:10     | Found a sparkling altar of Nemelex Xobeh.
 14661 | D:10     | Found a blossoming altar of Fedhas.
 14675 | D:10     | Noticed an oklob plant
 14947 | Lair:1   | Entered Level 1 of the Lair of Beasts
 15128 | Lair:1   | Noticed a seven-headed hydra
 15137 | Lair:1   | Killed a seven-headed hydra
 16387 | Lair:2   | Identified the +1 robe of the Everdark {rPois Int+2 Dex+4}
 17309 | Lair:2   | HP: 4/86 [swamp worm/harpoon shot (16)]
 17311 | Lair:2   | Mangled by a swamp worm

Illustrated notes

Levels and vault maps discovered:
D:1:      moated_graveyard_arrival, layout_basic, serial_forest,
          infiniplex_forest_clump_medium, infiniplex_forest_diagonal,
          infiniplex_forest_lined_room_3, infiniplex_forest_clump_double,
          infiniplex_forest_clump_C, infiniplex_forest_lined_2,
          ebering_ecumenical_altar_mist, minmay_stone_trees_small
D:2:      minmay_evil_eye, layout_rooms, uniq_crazy_yiuf_cottage, uniq_natasha
D:3:      layout_basic, serial_shops, nicolae_shop_waterfront,
          nrook_mini_vaults, kennysheep_crisscross,
          chequers_serial_rivers_marsh, minmay_tree_intersection
D:4:      layout_cave_pods, elyvilon_altar_5, jmf_multi_god_temple,
          minmay_temple_entry_junction, uniq_sigmund, uniq_ijyb, uniq_pikel
D:5:      layout_cave_pods, kennysheep_mini, serial_shops,
          nicolae_shop_advertising_works [nicolae_subvault_shop_adworks],
          chequers_serial_rivers_room_b, uniq_blork_the_orc
D:6:      layout_basic
D:7:      layout_basic, xom_redecorated
D:8:      layout_basic, mainiacjoe_overflow_six_doors_small, marbit_many_paths,
          kennysheep_little_box, ashenzari_altar_1, kennysheep_mini_moat,
          lair_entry_dummy
D:9:      lemuel_ice_statue, layout_irregular_city, orc_0_dummy,
          gammafunk_ghost_spectres, water_maze_lemuel
D:10:     layout_loops_ring, nemelex_xobeh_ov_fountains_minmay, tgw_fedhas
Temple:   hellmonk_temple_flake
Lair:1:   layout_loops_ring, columned_hall_lemuel
Lair:2:   layout_cave_pods, worms_lemuel, grunt_megastairs_1,
          infiniplex_staircase_pool

Skill      XL: |  1  2  3  4  5  6  7  8  9 10 11 |
---------------+----------------------------------+-----
Polearms       | 2 |  2.0
Dodging        | 2 3 4 5 6 7 |  7.0
Throwing       | 1 2 3 4 5 6 |  6.5
Armour         | 1 2 3 4 5 6 |  6.5
Evocations     | 1 2 3 4 5 6 7 |  7.2
Axes           | 1 2 3 4 5 6 |  6.5
Stealth        | 5 6 7 8 |  8.7
Fighting       | 4 5 6 7 8 |  8.0

Action                   |  1- 3 |  4- 6 |  7- 9 | 10-12 || total
-------------------------+-------+-------+-------+-------++-------
Melee: Spear             |    56 |     4 |       |       ||    60
       Unarmed           |    17 |       |       |       ||    17
       Flail             |       |   205 |    24 |       ||   229
       Whip              |       |       |   181 |   405 ||   586
Throw: Dart              |       |    22 |    17 |    13 ||    52
       Boomerang         |       |       |       |     5 ||     5
       Javelin           |       |       |       |     4 ||     4
Evoke: Wand              |     8 |       |       |       ||     8
  Use: Scroll            |     3 |       |     2 |     8 ||    13
       Potion            |     1 |     1 |     1 |     2 ||     5
 Stab: Confused          |     2 |       |       |       ||     2
       Sleeping          |       |     2 |     2 |     5 ||     9
       Distracted        |       |       |       |     1 ||     1
Armor: Robe              |    16 |       |       |       ||    16
       Scale mail        |     6 |   147 |    99 |   125 ||   377
Dodge: Dodged            |    62 |   145 |   100 |   307 ||   614

Table legend: (Time is in decaauts)
 A = Elapsed time spent in this place.
 B = Non-inter-level travel time spent in this place.
 C = Inter-level travel time spent in this place.
 D = Time resting spent in this place.
 E = Time spent auto-exploring this place.
 F = Levels seen in this place.
 G = Mean time per level.
                   A        B        C        D        E       F      G
               +--------+--------+--------+--------+--------+-----+--------+
         Total |  17969 |  16945 |   1024 |   2568 |  11268 |  13 | 1382.2 |
       Dungeon |  15395 |  14456 |    939 |   2331 |   9352 |  10 | 1539.5 |
        Temple |    103 |     57 |     46 |      0 |     44 |   1 |  103.0 |
          Lair |   2470 |   2432 |     38 |    236 |   1871 |   2 | 1235.0 |
               +--------+--------+--------+--------+--------+-----+--------+

Top non-repeatable levels by time:
     D:9: 2201 daAuts
     D:5: 2149 daAuts
     D:3: 1649 daAuts
     D:2: 1543 daAuts
     D:4: 1516 daAuts
    D:10: 1491 daAuts
     D:6: 1475 daAuts
  Lair:2: 1462 daAuts
     D:8: 1274 daAuts
     D:1: 1057 daAuts
     D:7: 1038 daAuts
  Lair:1: 1007 daAuts
  Temple: 103 daAuts
